 Dungeon Crawl Stone Soup version 0.24.0-123-gd5b16e6ec5 (webtiles) character file.

Game seed: 7190847428253890373, levelgen mode: deterministic

524804 Curus the Conqueror (level 24, -2/273 HPs)
             Began as a Minotaur Berserker on Jan 3, 2020.
             Was the Champion of Trog.
             Slain by a shadow dragon (7 damage)
             ... on level 5 of the Vaults on Jan 5, 2020.
             The game lasted 06:11:13 (45750 turns).

Curus the Conqueror (Minotaur Berserker)           Turns: 45750, Time: 06:11:14

Health: -2/273     AC: 42    Str: 23    XL:     24   Next: 76%
Magic:  25/25      EV: 10    Int:  7    God:    Trog [******]
Gold:   2639       SH: 17    Dex: 22    Spells: 23/23 levels left

rFire    + . .     SeeInvis +   y - +8 demon trident "Rift" {distort, reach+}
rCold    + + .     Gourm    .   v - +2 shield {reflect}
rNeg     + + +     Faith    .   d - +8 plate armour of Patterns {*Contam rC++ rN++}
rPois    +         Spirit   .   j - +0 hat {SInv}
rElec    .         Reflect  +   p - +2 cloak
rCorr    .         Harm     .   m - +2 pair of gloves
MR       ++++.                  H - +2 pair of boots {Fly}
Stlth    ..........             R - amulet of Amelioration {rPois rN+ Regen+ Dex+4}
HPRegen  1.95/turn              w - ring of protection from fire
MPRegen  0.19/turn              N - ring of protection from magic

@: lethally poisoned (-2 -> -2), about to teleport, marked, berserk cooldown,
flying, regenerating, slowed, very slow
A: retaliatory headbutt, horns 2, mutation resistance 1, robust 1
}: 2/15 runes: serpentine, barnacled
a: Berserk, Trog's Hand, Brothers in Arms, Renounce Religion, Stop Flying


You were on level 5 of the Vaults.
You worshipped Trog.
Trog was exalted by your worship.
You were hungry.

You visited 7 branches of the dungeon, and saw 41 of its levels.
You visited 1 bazaar.
You also visited: Trove, Sewer, Ossuary, Bailey, Gauntlet and Ice Cave.

You collected 5118 gold pieces.
You spent 2479 gold pieces at shops.

Inventory:

Hand Weapons
 a - a +3 vampiric trident
 y - the +8 demon trident "Rift" (weapon) {distort, reach+}
   (You found it on level 4 of the Shoals)

   It warps and distorts space around it.
   Unwielding it can cause banishment or high damage.
 E - a +4 vampiric demon trident
 M - a +4 demon trident of flaming
Armour
 d - the +8 plate armour of Patterns (worn) {*Contam rC++ rN++}
   (You took it off an orc knight on level 15 of the Dungeon)

   It greatly protects you from cold.
   It greatly protects you from negative energy.
   It causes magical contamination when unequipped.
 j - a +0 hat of see invisible (worn)
 m - a +2 pair of gloves (worn)
 p - a +2 cloak (worn)
 v - a +2 shield of reflection (worn)
 H - a +2 pair of boots of flying (worn)
 W - the +4 plate armour of Zusubath {rF++ Dex-2}
   (You bought it in a shop on level 11 of the Dungeon)

   It affects your dexterity (-2).
   It greatly protects you from fire.
Jewellery
 e - an uncursed ring of protection from cold
 q - an uncursed ring of positive energy
 s - an uncursed ring of protection from cold
 w - a ring of protection from fire (left hand)
 B - the amulet of Efiasa Olapi {Reflect Dex+2 SH+5}
   (You found it in a treasure trove)

   [amulet of reflection]

   It shields you and reflects attacks.
   It affects your dexterity (+2).
   It affects your SH (+5).
 L - an uncursed ring of poison resistance
 N - a ring of protection from magic (right hand)
 P - an uncursed amulet of the gourmand
 Q - an uncursed ring of see invisible
 R - the amulet of Amelioration (around neck) {rPois rN+ Regen+ Dex+4}
   (You found it in a treasure trove)

   [amulet of regeneration]

   It affects your dexterity (+4).
   It protects you from poison.
   It protects you from negative energy.
   It increases your rate of regeneration.
 S - a +3 ring of dexterity
 X - a +5 ring of protection
 Z - an uncursed ring of positive energy
Wands
 b - a wand of digging (4)
 t - a wand of clouds (6)
 x - a wand of acid (38)
 I - a wand of flame (68)
 T - a wand of disintegration (62)
 U - a wand of paralysis (7)
 V - a wand of scattershot (2)
 Y - a wand of iceblast (23)
Scrolls
 g - 5 scrolls of teleportation
 h - a scroll of holy word
 i - a scroll of silence
 k - a scroll of summoning
 n - 7 scrolls of blinking
 u - a scroll of enchant weapon
 z - 25 scrolls of identify
 A - 17 scrolls of remove curse
 C - 10 scrolls of fog
 G - 3 scrolls of fear
 K - 5 scrolls of magic mapping
Potions
 f - 17 potions of curing
 l - a potion of magic
 o - 2 potions of cancellation
 r - 6 potions of agility
 D - 3 potions of heal wounds
 F - 8 potions of haste
 J - 2 potions of resistance
 O - 3 potions of ambrosia
Comestibles
 c - 51 rations


   Skills:
 O Level 27 Fighting
 + Level 24.3 Polearms
 O Level 27 Armour
 - Level 2.1 Dodging
 - Level 15.0 Shields
 - Level 5.0 Evocations


You had 23 spell levels left.
You didn't know any spells.
Your spell library was empty.

Dungeon Overview and Level Annotations

Branches:
Dungeon (15/15)            Temple (0/1) D:5            Lair (6/6) D:11
 Shoals (4/4) Lair:4        Snake (4/4) Lair:2        Slime (0/5) Lair:6
    Orc (2/2) D:11            Elf (0/3) Orc:2        Vaults (5/5) D:14
  Crypt (0/3) Vaults:2     Depths (5/5) D:15            Zot (0/5) Depths:5
  Sewer (visited)         Ossuary (visited)          Bailey (visited)
  IceCv (visited)         Gauntlet (visited)

Altars:
Ashenzari
Cheibriados
Dithmenos
Fedhas
Makhleb
Ru
Trog
Vehumet
Wu Jian
Yredelemnul
Zin
Beogh

Shops:
D:8 [   D:10 *   D:11 *[(?   D:13 :   D:14 ?   Orc:1 (   Orc:2 (!%(   Snake:3 =
Vaults:1 *   Depths:1 =}}

Portals:
Hell: Depths:1 Depths:2 Depths:3 Depths:4 Depths:5
Abyss: Depths:1 Depths:2 Depths:4 Depths:5
Pandemonium: Depths:1 Depths:3
Ziggurat: Depths:5

Annotations:
Vaults:1 Vatovie's ghost, veteran MiFi
Abyss:1 Boris; Mara; Margery; Roxanne


Innate Abilities, Weirdness & Mutations

You reflexively headbutt those who attack you in melee.
You have a pair of horns on your head.
You are somewhat resistant to further mutation.
You are robust. (+10% HP)


Message History

The storm dragon tramples you but does no damage.
You block the small abomination's attack.
You feel much better.
You feel sick.
The titan seems less brilliant.
You block the yaktaur's attack.
The titan is empowered by the deep elf high priest's aura!
You block the shadow dragon's attack. The shadow dragon claws you!
* * * LOW HITPOINT WARNING * * *
The shadow dragon claws you but does no damage.
The small abomination hits you but does no damage.
Your deep troll bites the small abomination!!
Your deep troll claws the small abomination.
Your deep troll closely misses the small abomination.
The storm dragon breathes lightning at you.
The bolt of lightning hits you!
* * * LOW HITPOINT WARNING * * *
The yaktaur hits you but does no damage.
You block the shadow dragon's attack.
The shadow dragon claws you but does no damage.
The shadow dragon claws you!
You die...

#######################
......)....(..TxDDep.(#
...........))(.x@cXCx.#
##################c9..#
..T..# C..#..# #.#.#..#
#.#.#..# ..#.# .# )#
#.# .#


You could see a shadow dragon, a titan, a storm dragon, a vault warden
(invisible), a deep troll, a war gargoyle, a deep elf high priest, a large
abomination, 2 yaktaurs, 3 small abominations and a friendly deep troll
(berserk).

Vanquished Creatures
  An ancient lich (Vaults:5)
  Sojobo (Vaults:2)
  2 juggernauts (Depths:2)
  4 caustic shrikes (Depths:5)
  Nikola (Snake:1)
  3 golden dragons
  7 liches
  4 tentacled monstrosities
  3 titans
  2 quicksilver dragons
  Polyphemus (Shoals:3)
  A sphinx (Vaults:4)
  2 krakens (Shoals:4)
  Kirke (D:14)
  4 tengu reavers
  8 fire giants
  A shadow dragon (Depths:5)
  4 storm dragons
  A revenant (Vaults:1)
  8 nagarajas
  6 frost giants
  2 orc warlords
  Aizul (Snake:3)
  An iron dragon (Depths:2)
  10 vault wardens
  2 deep elf sorcerers (Vaults:4)
  3 ironheart preservers
  A draconian annihilator (Depths:5)
  A ghoul (Vaults:4)
  2 war gargoyles (Vaults:5)
  A spriggan defender (Depths:2)
  18 very ugly things
  The ghost of Vaacy the Fencer, a journeyman MiFi of Okawaru (D:15)
  An entropy weaver (shapeshifter) (Vaults:5)
  A red draconian (Depths:5)
  2 deep elf demonologists (Vaults:5)
  A black draconian (Depths:5)
  2 green draconians (Depths:5)
  A minotaur (Gauntlet)
  15 stone giants
  6 spark wasps
  2 merfolk javelineers
  2 eidola (Vaults:1)
  14 ettins
  8 merfolk impalers
  2 deep elf death magi
  Josephine (Lair:4)
  4 fire dragons
  4 great orbs of eyes
  2 jiangshi (Depths:4)
  3 rakshasas
  6 yaktaur captains
  8 ice dragons
  8 naga warriors
  19 vault guards
  2 spriggan air magi
  5 hydras
  3 death knights
  7 anacondas
  2 alligator snapping turtles
  The ghost of Xerdoz the Martial Artist, a journeyman OpTm of Sif Muna (Lair:1)
  3 merfolk aquamancers
  3 merfolk avatars
  8 centaur warriors
  5 deep troll earth magi
  3 catoblepae
  41 two-headed ogres
  5 tengu warriors
  5 deep troll shamans
  A satyr (Shoals:2)
  4 death yaks (Shoals:3)
  9 ogre magi
  6 orc high priests
  Urug (Lair:1)
  15 naga sharpshooters
  8 spriggan berserkers
  2 vampire magi (Depths:4)
  6 shock serpents
  2 deep elf knights (Vaults:4)
  A titan skeleton (Depths:1)
  5 iron trolls
  A fire crab (Lair:6)
  11 hell knights
  A shadow wraith (Vaults:4)
  A shadow demon (Depths:1)
  4 unseen horrors
  An unseen horror (shapeshifter) (Vaults:4)
  24 deep trolls
  4 flayed ghosts
  7 naga ritualists
  10 wizards
  2 glowing orange brains
  10 skeletal warriors
  13 sea snakes
  A phantasmal warrior (Vaults:1)
  2 deep elf archers (Vaults:4)
  20 harpies
  19 orc knights
  A lindwurm (Lair:4)
  8 ironbrand convokers
  35 ugly things
  2 shining eyes (Depths:5)
  10 salamanders
  5 fauns (Shoals:2)
  17 deep elf magi
  11 cyclopes
  8 necromancers
  6 mana vipers
  4 wolf spiders
  A salamander (shapeshifter) (Depths:1)
  A moth of wrath (shapeshifter) (Vaults:3)
  12 manticores
  8 orc sorcerers
  An elephant (D:11)
  4 guardian serpents
  8 merfolk sirens
  11 vault sentinels
  2 elephants (shapeshifter)
  2 ice statues (IceCv)
  4 water nymphs
  An eye of devastation (Depths:5)
  A torpor snail (Lair:5)
  19 naga magi
  6 centaur zombies
  3 gargoyles
  An eye of devastation (shapeshifter) (Vaults:5)
  2 molten gargoyles (Lair:6)
  22 black mambas
  An apocalypse crab (Gauntlet)
  A smoke demon (Depths:1)
  10 spiny frogs
  A yaktaur zombie (Vaults:4)
  7 centaur skeletons
  An orange demon (Depths:1)
  3 kobold demonologists (D:13)
  44 yaktaurs
  2 rime drakes
  11 komodo dragons
  7 tengu conjurers
  8 freezing wraiths
  A human skeleton (Vaults:3)
  An ice devil (Depths:1)
  A red devil (Depths:1)
  17 merfolk
  11 trolls
  3 wind drakes
  26 slime creatures
  5 hornets
  A polar bear (Lair:6)
  19 blink frogs
  A fire dragon zombie (Depths:1)
  7 snapping turtles
  A stone giant simulacrum (Vaults:4)
  An iron dragon simulacrum (Depths:1)
  11 dream sheep
  15 hippogriffs
  A meliai zombie (D:12)
  24 water elementals
  3 spriggans
  A shadow (D:13)
  The ghost of bosakos the Firebug, an amateur DEFE (D:4)
  A wyvern (shapeshifter) (Depths:3)
  5 hogs (D:14)
  15 wraiths
  11 basilisks
  Eustachio (D:5)
  8 wyverns
  49 yaks
  The ghost of Delamore the Chopper, an amateur FoFi (D:3)
  3 vampire mosquitoes (D:15)
  2 hungry ghosts (D:11)
  A steam dragon (Lair:6)
  2 human simulacra
  42 nagas
  2 acid dragons
  4 wargs
  Duvessa (D:6)
  9 water moccasins
  4 hell hounds (Lair:6)
  A deep troll skeleton (Vaults:4)
  A water moccasin (shapeshifter) (Vaults:4)
  6 porcupines
  5 sky beasts
  71 orc warriors
  A necrophage (D:6)
  An eye of draining (D:10)
  A human zombie (Vaults:3)
  17 ice beasts
  6 phantoms
  14 centaurs
  A black bear (D:11)
  32 ogres
  10 boggarts
  13 wolves
  10 crocodiles
  6 big kobolds
  9 bullfrogs
  2 wyvern zombies
  6 water moccasin zombies
  A glowing shapeshifter simulacrum (Vaults:2)
  A wyvern skeleton (D:11)
  3 scorpions
  Dowan (D:6)
  19 killer bees
  11 wights
  10 howler monkeys
  An electric eel (Lair:4)
  A bullfrog zombie (D:10)
  7 crimson imps
  5 lava snakes (Lair:6)
  A quasit (D:9)
  29 orc priests
  Crazy Yiuf (D:4)
  4 bullfrog skeletons
  10 hounds
  13 jellies
  A gnoll shaman (D:8)
  15 orc wizards
  7 iguanas
  8 worker ants
  2 bullfrog simulacra (D:4)
  A big kobold zombie (Ossuary)
  A hound zombie (D:10)
  A hound skeleton (D:11)
  2 mummies (Ossuary)
  Robin (D:3)
  10 adders
  13 gnolls
  5 shadow imps
  8 oozes
  4 adder zombies (Ossuary)
  2 adder skeletons
  3 worms
  2 adder simulacra (D:4)
  A dart slug (D:3)
  6 leopard geckos
  147 orcs
  8 giant cockroaches
  2 gnoll zombies (Ossuary)
  14 goblins
  10 hobgoblins
  5 jackals
  24 kobolds
  10 quokkas
  19 bats
  6 frilled lizards
  A giant cockroach simulacrum (D:4)
  A goblin zombie (D:7)
  5 hobgoblin zombies (Ossuary)
  6 kobold zombies (Ossuary)
  A leopard gecko skeleton (D:9)
  A leopard gecko zombie (D:5)
  3 orc zombies (Ossuary)
  A quokka simulacrum (D:4)
  A quokka skeleton (D:6)
  2 quokka zombies
  8 rats
  4 plants
  7 tentacles (Shoals:4)
1838 creatures vanquished.

Vanquished Creatures (collateral kills)
  A golden dragon (Vaults:5)
  Agnes (Snake:3)
  The ghost of Faoroateink the Geomancer, an adept GrEE of Vehumet (D:14)
  An iron dragon (Depths:2)
  A nagaraja (Snake:4)
  A fire giant (Depths:1)
  A frost giant (Shoals:4)
  A vault warden (Vaults:5)
  An ettin (Depths:2)
  3 merfolk javelineers (Shoals:4)
  2 merfolk impalers (Shoals:4)
  A crystal guardian (D:14)
  A rakshasa (D:14)
  A great orb of eyes (Depths:1)
  A naga warrior (Snake:4)
  3 ice dragons
  A two-headed ogre (Depths:1)
  A merfolk aquamancer (Shoals:4)
  5 death yaks (Lair:6)
  A deep troll earth mage (D:14)
  2 shock serpents (Snake:4)
  3 naga sharpshooters
  A skeletal warrior (Vaults:2)
  2 sea snakes (Shoals:4)
  A deep troll (Vaults:2)
  A small abomination (Vaults:5)
  3 manticores (Shoals:4)
  An oklob plant (Gauntlet)
  A centaur zombie (D:14)
  A guardian serpent (Snake:4)
  3 merfolk sirens (Shoals:4)
  2 naga magi (Snake:4)
  4 black mambas
  A water nymph (Shoals:4)
  5 yaktaurs
  6 merfolk (Shoals:4)
  A wraith (Vaults:2)
  6 yaks (Lair:6)
  A vampire mosquito (D:14)
  7 nagas
  2 orc warriors (Vaults:2)
  A centaur (Shoals:4)
  3 jellies (Lair:6)
  An orc priest (Vaults:2)
  2 crawling corpses (Vaults:5)
90 creatures vanquished.

Vanquished Creatures (others)
  A lich (Depths:5)
  A kraken (Shoals:4)
  A storm dragon (Vaults:4)
  A nagaraja (Snake:4)
  A fire giant (Depths:4)
  An iron dragon (Vaults:5)
  5 vault wardens
  A draconian scorcher (Depths:5)
  3 ironheart preservers
  3 very ugly things
  A vampire knight (Depths:2)
  4 stone giants
  A spark wasp (Depths:3)
  A merfolk javelineer (Depths:1)
  An ettin (Depths:2)
  2 naga warriors (Snake:4)
  5 yaktaur captains
  3 ice dragons
  2 vault guards (Vaults:4)
  2 ogre magi
  3 two-headed ogres
  A merfolk aquamancer (Shoals:4)
  2 centaur warriors
  A deep troll earth mage (Depths:3)
  A tengu warrior (Depths:5)
  A deep troll shaman (Depths:1)
  2 naga sharpshooters (Snake:4)
  2 spriggan berserkers (Depths:2)
  A hell knight (Depths:2)
  2 sea snakes (Shoals:4)
  5 deep trolls
  A glowing orange brain (Depths:2)
  A flayed ghost (Vaults:4)
  A deep elf archer (Vaults:4)
  An ironbrand convoker (Vaults:1)
  A necromancer (Vaults:2)
  3 orc knights
  An orc sorcerer (Vaults:3)
  A phantasmal warrior (Vaults:4)
  A stone giant zombie (Vaults:3)
  4 ugly things
  A cyclops (Vaults:2)
  A salamander (Snake:4)
  A vault sentinel (Vaults:2)
  2 naga magi (Snake:4)
  A rime drake (IceCv)
  20 yaktaurs
  A freezing wraith (Vaults:1)
  An ettin zombie (Vaults:4)
  3 slime creatures
  A wraith (Vaults:5)
  A spriggan (Depths:4)
  A water elemental (Depths:3)
  A human (D:14)
  A human (shapeshifter) (Vaults:3)
  A water moccasin (shapeshifter) (Vaults:3)
  3 ogres
  A boggart (Depths:2)
  5 centaurs
  An orc priest (Orc:2)
  A white imp (D:4)
  An orc (Vaults:5)
  A demonic plant (Gauntlet)
  2 fungi
  13 plants
  13 tentacles (Shoals:4)
  10 toadstools (Lair:4)
  2 withered plants (Lair:1)
166 creatures vanquished.

Grand Total: 2094 creatures vanquished

Notes
Turn   | Place    | Note
-------+----------+-------------------------------------------
     0 | D:1      | Curus the Minotaur Berserker began the quest for the Orb.
     0 | D:1      | Reached XP level 1. HP: 19/19 MP: 0/0
   123 | D:1      | Reached XP level 2. HP: 26/26 MP: 1/1
   515 | D:2      | Found a burning altar of Makhleb.
   524 | D:2      | Reached skill level 5 in Polearms
   524 | D:2      | Reached XP level 3. HP: 17/31 MP: 2/2
   669 | D:2      | Reached ** piety under Trog
  1056 | D:2      | Reached XP level 4. HP: 31/39 MP: 3/3
  1225 | D:3      | Found a glowing drain.
  1296 | Sewer    | Entered a sewer
  1672 | Sewer    | Reached XP level 5. HP: 39/45 MP: 4/4
  1748 | D:3      | Found a bloodstained altar of Trog.
  1753 | D:3      | Reached *** piety under Trog
  1806 | D:3      | Found a transporter.
  1806 | D:3      | Noticed Delamore's ghost (amateur FoFi)
  1809 | D:3      | Found a transporter.
  1854 | D:3      | Noticed Robin
  1871 | D:3      | Killed Robin
  2171 | D:3      | Found a basalt altar of Yredelemnul.
  2999 | D:4      | Reached XP level 6. HP: 45/51 MP: 5/5
  3179 | D:4      | Found a runed translucent gate.
  3180 | D:4      | Found a runed translucent gate.
  3181 | D:4      | Found a runed translucent gate.
  3204 | D:4      | Noticed bosakos's ghost (amateur DEFE)
  3257 | D:3      | Killed Delamore's ghost
  3615 | D:4      | Found a blossoming altar of Fedhas.
  3683 | D:4      | Found a runed translucent door.
  3684 | D:4      | Noticed Crazy Yiuf
  3954 | D:4      | Killed Crazy Yiuf
  4037 | D:4      | Reached XP level 7. HP: 51/57 MP: 6/6
  4062 | D:4      | Killed bosakos's ghost
  4062 | D:4      | Reached skill level 10 in Polearms
  4104 | D:5      | Entered Level 5 of the Dungeon
  4116 | D:5      | Reached **** piety under Trog
  4121 | D:5      | Found a sacrificial altar of Ru.
  4233 | D:5      | Noticed Eustachio
  4242 | D:5      | Killed Eustachio
  4242 | D:5      | Reached XP level 8. HP: 31/64 MP: 7/7
  4303 | D:5      | Found a staircase to the Ecumenical Temple.
  4674 | D:6      | Received a gift from Trog
  4752 | D:6      | Found a snail-covered altar of Cheibriados.
  4798 | D:6      | Noticed Dowan
  4799 | D:6      | Noticed Duvessa
  4812 | D:6      | Killed Dowan
  4820 | D:6      | Killed Duvessa
  4820 | D:6      | Reached skill level 5 in Fighting
  5055 | D:6      | Reached skill level 5 in Armour
  5441 | D:6      | Reached XP level 9. HP: 73/77 MP: 8/8
  5841 | D:7      | Found a sand-covered staircase.
  5874 | Ossuary  | Entered an ossuary
  5973 | Ossuary  | Reached ***** piety under Trog
  6088 | D:7      | Received a gift from Trog
  6308 | D:7      | Found a shadowy altar of Dithmenos.
  6561 | D:8      | Found a bloodstained altar of Trog.
  6744 | D:8      | Reached XP level 10. HP: 65/92 MP: 9/9
  6798 | D:8      | Reached skill level 10 in Fighting
  6897 | D:8      | Found Taalur Race's Armour Shop.
  6903 | D:8      | Bought a +1 pair of boots of flying for 214 gold pieces
  7111 | D:8      | Found a glowing silver altar of Zin.
  7154 | D:9      | Reached skill level 10 in Armour
  7310 | D:9      | Received a gift from Trog
  7834 | D:9      | Found an ornate altar of the Wu Jian Council.
  8016 | D:10     | Entered Level 10 of the Dungeon
  8195 | D:10     | Killed an unseen horror
  8211 | D:10     | Found Ifaulic's General Store.
  8214 | D:10     | Bought a scroll of enchant weapon for 97 gold pieces
  8381 | D:10     | Reached XP level 11. HP: 101/104 MP: 10/10
  8875 | D:11     | Found a gateway to a bazaar.
  8903 | Bazaar   | Entered a bazaar
  8906 | Bazaar   | Found Cileimu's Distillery.
  8916 | Bazaar   | Bought a potion of ambrosia for 104 gold pieces
  8916 | Bazaar   | Bought a potion of haste for 130 gold pieces
  8916 | Bazaar   | Bought a potion of heal wounds for 65 gold pieces
  8916 | Bazaar   | Bought a potion of curing for 39 gold pieces
  8924 | Bazaar   | Found Ixelim's Armour Shop.
  8945 | Bazaar   | Found Ydos's Food Shop.
  8983 | Bazaar   | Found Eruthrar's Book Boutique.
  9011 | D:11     | Found Idykeur's General Store.
  9045 | D:11     | Found a staircase to the Lair.
  9088 | Lair:1   | Entered Level 1 of the Lair of Beasts
  9144 | Lair:1   | Reached skill level 1 in Shields
  9156 | Lair:1   | Noticed a four-headed hydra
  9161 | Lair:1   | Killed a four-headed hydra
  9217 | Lair:1   | Found a runed translucent door.
  9217 | Lair:1   | Noticed Xerdoz's ghost (journeyman OpTm)
  9234 | Lair:1   | Noticed Urug
  9249 | Lair:1   | Killed Urug
  9482 | Lair:1   | Reached skill level 1 in Evocations
  9997 | Lair:1   | Killed Xerdoz's ghost
 10277 | Lair:2   | Reached XP level 12. HP: 106/113 MP: 12/14
 10352 | Lair:2   | Gained mutation: You are robust. (+10% HP) [potion of
                  | mutation]
 10352 | Lair:2   | Gained mutation: You are somewhat resistant to further
                  | mutation. [potion of mutation]
 10417 | Lair:2   | Found a staircase to the Snake Pit.
 10476 | Lair:2   | Reached skill level 5 in Evocations
 11210 | Lair:3   | Reached ****** piety under Trog
 11830 | Lair:4   | Received a gift from Trog
 11836 | Lair:4   | Noticed Josephine
 11851 | Lair:4   | Killed Josephine
 11955 | Lair:4   | Found a gate leading to a gauntlet.
 11981 | Gauntlet | Entered a Gauntlet
 11981 | Gauntlet | Found a transporter.
 11990 | Gauntlet | Found a transporter.
 11992 | Gauntlet | Found a transporter.
 12000 | Gauntlet | Found a transporter.
 12000 | Gauntlet | Noticed a catoblepas
 12002 | Gauntlet | Found a transporter.
 12008 | Gauntlet | Noticed a great orb of eyes
 12010 | Gauntlet | Found a transporter.
 12032 | Gauntlet | Found a transporter.
 12042 | Gauntlet | Found a transporter.
 12045 | Gauntlet | Noticed a cacodemon
 12050 | Gauntlet | Found a runed translucent gate.
 12050 | Gauntlet | Found a runed translucent gate.
 12051 | Gauntlet | Found a runed translucent gate.
 12052 | Gauntlet | Found a transporter.
 12074 | Gauntlet | Found a transporter.
 12076 | Gauntlet | Noticed a reaper
 12087 | Gauntlet | Found a transporter.
 12088 | Gauntlet | Found a transporter.
 12134 | Gauntlet | Found a transporter.
 12148 | Gauntlet | Found a transporter.
 12558 | Gauntlet | Killed a catoblepas
 12571 | Gauntlet | Reached XP level 13. HP: 111/137 MP: 15/15
 12610 | Gauntlet | Got a twisted cloak
 12627 | Gauntlet | Identified the cursed -6 cloak of Foonanul {rN+ Stlth+}
                  | (You found it in a Gauntlet)
 12649 | Gauntlet | Identified the ring "Ceras" {-Tele rPois rN+ AC+2 Int+8}
 12649 | Gauntlet | Noticed a minotaur
 12671 | Gauntlet | Killed a minotaur
 13018 | Lair:4   | Found a staircase to the Shoals.
 13113 | Lair:4   | You are sucked into a shaft and drop 2 floors!
 13113 | Lair:6   | Entered Level 6 of the Lair of Beasts
 13133 | Lair:6   | Reached skill level 15 in Fighting
 13200 | Lair:6   | Reached skill level 15 in Armour
 13637 | Lair:5   | Received a gift from Trog
 14656 | Lair:6   | Found a staircase to the Slime Pits.
 15012 | Lair:6   | Reached XP level 14. HP: 121/151 MP: 16/16
 15045 | Lair:6   | Found a large runed translucent door.
 15045 | Lair:6   | Found a large runed translucent door.
 15491 | Lair:4   | Found a runed translucent door.
 16053 | D:11     | Received a gift from Trog
 16262 | D:11     | Noticed a tengu reaver
 16282 | D:11     | Killed a tengu reaver
 16464 | D:11     | Found a staircase to the Orcish Mines.
 16464 | D:11     | Found Ecla Kes's Armour Shoppe.
 16482 | D:11     | Found Aczapic's Weapon Boutique.
 16521 | Orc:1    | Entered Level 1 of the Orcish Mines
 16568 | Orc:1    | You are sucked into a shaft and drop 1 floor!
 16568 | Orc:2    | Entered Level 2 of the Orcish Mines
 16633 | Orc:2    | Noticed a stone giant
 16640 | Orc:2    | Killed a stone giant
 16733 | Orc:2    | Received a gift from Trog
 16960 | Orc:1    | Noticed an orc warlord
 16998 | Orc:1    | Killed an orc warlord
 17055 | Orc:1    | Found a flagged portal.
 17064 | Bailey   | Entered a bailey
 17415 | Orc:1    | Found Rituynis's Weapon Emporium.
 17760 | Orc:1    | Received a gift from Trog
 17871 | Orc:2    | Found a roughly hewn altar of Beogh.
 18003 | Orc:2    | Found Voeguts's Weapon Emporium.
 18019 | Orc:2    | Found Palath's Distillery.
 18032 | Orc:2    | Bought a potion of haste for 120 gold pieces
 18032 | Orc:2    | Bought a potion of heal wounds for 60 gold pieces
 18032 | Orc:2    | Bought 2 potions of heal wounds for 120 gold pieces
 18032 | Orc:2    | Bought a potion of curing for 36 gold pieces
 18032 | Orc:2    | Bought a potion of heal wounds for 60 gold pieces
 18032 | Orc:2    | Bought a potion of agility for 48 gold pieces
 18032 | Orc:2    | Bought a potion of might for 48 gold pieces
 18348 | Orc:2    | Found a staircase to the Elven Halls.
 18504 | Orc:2    | Noticed an orc warlord
 18510 | Orc:2    | Received a gift from Trog
 18524 | Orc:2    | Found a roughly hewn altar of Beogh.
 18528 | Orc:2    | Killed an orc warlord
 18528 | Orc:2    | Reached XP level 15. HP: 114/165 MP: 17/17
 18605 | Orc:2    | Found Ciotoc's Food Emporium.
 18701 | Orc:2    | Found Giemux's Antique Weapon Boutique.
 18926 | D:11     | Bought the +4 plate armour of Zusubath {rF++ Dex-2} for 822
                  | gold pieces
 19021 | D:11     | Found Ifreg's Magic Scroll Shoppe.
 19029 | D:11     | Bought a scroll of enchant armour for 90 gold pieces
 19029 | D:11     | Bought a scroll of enchant weapon for 90 gold pieces
 19323 | D:12     | Received a gift from Trog
 19967 | D:13     | Found Cueseree's Book Shoppe.
 20371 | D:14     | Found a transporter.
 20371 | D:14     | Found Isuoh's Magic Scroll Emporium.
 20371 | D:14     | Noticed Faoroateink's ghost (adept GrEE)
 20443 | D:14     | Received a gift from Trog
 20540 | D:14     | Bought a scroll of enchant armour for 120 gold pieces
 20876 | D:14     | Noticed Kirke
 20890 | D:14     | Killed Kirke
 20983 | D:14     | Found a gate to the Vaults.
 21031 | D:14     | Found a transporter.
 21212 | D:15     | Entered Level 15 of the Dungeon
 21220 | D:15     | Found a frozen archway.
 21235 | IceCv    | Entered an ice cave
 21421 | IceCv    | Received a gift from Trog
 21684 | D:15     | Found a staircase to the Depths.
 21685 | D:15     | Noticed a fire giant
 21698 | D:15     | Killed a fire giant
 21786 | D:15     | Reached XP level 16. HP: 89/179 MP: 18/18
 21927 | D:15     | Found a runed translucent gate.
 21928 | D:15     | Found a runed translucent gate.
 21928 | D:15     | Identified the +7 war axe of Masubb {holy, rElec MP+9 Int-3
                  | Dex+7}
 21928 | D:15     | Identified the +8 plate armour of Patterns {*Contam rC++
                  | rN++}
 21929 | D:15     | Found a runed translucent gate.
 21930 | D:15     | Found a roughly hewn altar of Beogh.
 21930 | D:15     | Noticed Vaacy's ghost (journeyman MiFi)
 22815 | D:15     | Killed Vaacy's ghost
 22957 | D:14     | Killed Faoroateink's ghost
 23167 | Shoals:1 | Entered Level 1 of the Shoals
 23386 | Shoals:1 | Received a gift from Trog
 25257 | Shoals:3 | Reached XP level 17. HP: 172/193 MP: 19/19
 25569 | Shoals:3 | Noticed Polyphemus
 25598 | Shoals:3 | Killed Polyphemus
 26185 | Snake:1  | Entered Level 1 of the Snake Pit
 26329 | Snake:1  | Noticed Nikola
 26356 | Snake:1  | Killed Nikola
 26731 | Snake:1  | Received a gift from Trog
 26732 | Snake:1  | Got a slimy trident {god gift}
 27133 | Snake:1  | Identified the +11 trident of the Stoat {pierce, Str+5}
                  | (Trog gifted it to you on level 1 of the Snake Pit)
 27913 | Snake:3  | Found Eckeam's Jewellery Shoppe.
 27913 | Snake:3  | Noticed Aizul
 27931 | Snake:3  | Killed Aizul
 27995 | Snake:3  | Identified a scroll of acquirement
 27996 | Snake:3  | Got a faintly glowing scale mail
 28024 | Snake:3  | Noticed Roxanne
 28150 | Snake:3  | Noticed Agnes
 28160 | Snake:3  | Killed Agnes
 28174 | Snake:3  | Received a gift from Trog
 29369 | Shoals:4 | Entered Level 4 of the Shoals
 29422 | Shoals:4 | Found the +8 demon trident "Rift" {distort, reach+}
 29455 | Shoals:4 | Reached skill level 5 in Shields
 29505 | Shoals:4 | Reached XP level 18. HP: 183/206 MP: 20/20
 29541 | Shoals:4 | HP: 3/206 [merfolk impaler/+1 trident of protection (13)]
 29550 | Shoals:4 | Received a gift from Trog
 29578 | Shoals:4 | HP: 6/206 [drowned by a drowned soul[a merfolk avatar]
                  | (11)]
 29579 | Shoals:4 | Noticed Mara
 29805 | Shoals:4 | Banished Mara
 29805 | Shoals:4 | Reached skill level 10 in Shields
 29951 | Shoals:4 | Got a barnacled rune of Zot
 30137 | Snake:3  | Banished Roxanne
 30183 | Snake:4  | Entered Level 4 of the Snake Pit
 30470 | Snake:4  | Received a gift from Trog
 30994 | Snake:4  | Got a serpentine rune of Zot
 31305 | Vaults:1 | Entered Level 1 of the Vaults
 31315 | Vaults:1 | Found Oplierch's Assorted Antiques.
 31326 | Vaults:1 | Bought a potion of curing for 108 gold pieces
 31326 | Vaults:1 | Bought a potion of curing for 108 gold pieces
 31365 | Vaults:1 | Received a gift from Trog
 31409 | Vaults:1 | Reached XP level 19. HP: 207/217 MP: 21/21
 31735 | Vaults:1 | Found a runed translucent gate.
 32168 | Vaults:1 | Found a runed translucent gate.
 32168 | Vaults:1 | Noticed Vatovie's ghost (veteran MiFi)
 32176 | Vaults:1 | Found a runed translucent gate.
 33065 | Vaults:2 | Received a gift from Trog
 33354 | Vaults:2 | Noticed Sojobo
 33385 | Vaults:2 | Killed Sojobo
 33495 | Vaults:2 | Noticed Boris
 33594 | Vaults:2 | Noticed Margery
 33607 | Vaults:2 | Banished Margery
 33756 | Vaults:2 | Banished Boris
 34306 | Vaults:2 | Found a staircase to the Crypt.
 34835 | Vaults:3 | Received a gift from Trog
 34959 | Vaults:3 | Found a radiant altar of Vehumet.
 34959 | Vaults:3 | Noticed a lich
 34964 | Vaults:3 | Killed a lich
 34964 | Vaults:3 | Reached XP level 20. HP: 215/232 MP: 22/22
 35467 | Vaults:3 | Found a portal to a secret trove of treasure.
 35477 | Vaults:3 | You paid a toll of 17 scrolls of teleportation to enter a
                  | treasure trove
 35478 | Trove    | Entered a treasure trove
 35496 | Trove    | Got a bound bronze amulet
 35498 | Trove    | Got a steaming bronze amulet
 35506 | Trove    | Got a shimmering bone amulet
 36053 | Vaults:3 | Identified the amulet of the Cockatrice {Reflect rF- Int+4
                  | Dex+3 SH+4} (You found it in a treasure trove)
 36192 | Vaults:4 | Received a gift from Trog
 36489 | Vaults:4 | Received a gift from Trog
 36637 | Vaults:3 | Identified the amulet of Efiasa Olapi {Reflect Dex+2 SH+5}
                  | (You found it in a treasure trove)
 37739 | D:14     | Identified the amulet of Amelioration {rPois rN+ Regen+
                  | Dex+4} (You found it in a treasure trove)
 37767 | Depths:1 | Entered Level 1 of the Depths
 37849 | Depths:1 | Found a gateway to Hell.
 37909 | Depths:1 | Received a gift from Trog
 38295 | Depths:1 | Reached XP level 21. HP: 206/244 MP: 23/23
 39068 | Depths:1 | Found a one-way gate leading to the halls of Pandemonium.
 39143 | Depths:1 | Found a one-way gate to the infinite horrors of the Abyss.
 39227 | Depths:1 | Found Riaroc's Jewellery Shoppe.
 39227 | Depths:1 | Found Jaorhun's Gadget Shop.
 39231 | Depths:1 | Found Topimm's Gadget Shop.
 39243 | Depths:1 | Reached skill level 27 in Fighting
 39298 | Depths:1 | Reached skill level 27 in Armour
 39298 | Depths:1 | Reached XP level 22. HP: 256/256 MP: 24/24
 39420 | Depths:2 | Noticed a juggernaut
 39462 | Depths:2 | Received a gift from Trog
 39507 | Depths:2 | Reached skill level 15 in Polearms
 39740 | Depths:2 | Noticed a juggernaut
 40204 | Depths:2 | You are sucked into a shaft and drop 2 floors!
 40481 | Depths:4 | Received a gift from Trog
 40556 | Depths:2 | HP: 11/256 [ettin/+0 dire flail (12)]
 40757 | Depths:2 | Killed a juggernaut
 41109 | Depths:2 | Killed a juggernaut
 41109 | Depths:2 | Reached XP level 23. HP: 125/264 MP: 25/25
 41654 | Depths:3 | Reached skill level 15 in Shields
 41778 | Depths:3 | Received a gift from Trog
 42074 | Depths:3 | You are sucked into a shaft and drop 1 floor!
 42700 | Depths:3 | Found a shattered altar of Ashenzari.
 43007 | Depths:4 | Received a gift from Trog
 43028 | Depths:4 | Identified the +6 short sword of Weigos {pierce, *Rage rN+
                  | Str+5}
 43629 | Depths:5 | Entered Level 5 of the Depths
 43749 | Depths:5 | Noticed a caustic shrike
 43754 | Depths:5 | Noticed a caustic shrike
 43756 | Depths:5 | Noticed a caustic shrike
 43762 | Depths:5 | Killed a caustic shrike
 43763 | Depths:5 | Banished a caustic shrike
 43763 | Depths:5 | Reached XP level 24. HP: 214/273 MP: 25/25
 44127 | Depths:5 | Found a gate to the Realm of Zot.
 44228 | Depths:5 | Received a gift from Trog
 44402 | Depths:5 | Found a gateway to a ziggurat.
 45197 | Vaults:5 | Entered Level 5 of the Vaults
 45474 | Vaults:5 | HP: 6/273 [quicksilver dragon/bolt of dispelling energy
                  | (32)]
 45668 | Vaults:5 | Noticed an ancient lich
 45729 | Vaults:5 | Identified the +9 scimitar "Caythec" {freeze, rF+}
 45734 | Vaults:5 | Killed an ancient lich
 45740 | Vaults:5 | Identified the +10 scimitar of Brutal Revenge {elec, Dex+3}
 45746 | Vaults:5 | HP: 4/273 [yaktaur/+0 quarterstaff[a vault warden] (17)]
 45750 | Vaults:5 | Slain by a shadow dragon

Levels and vault maps discovered:
D:1:      dpeg_arrival_boxes_within_box, layout_rooms,
          minmay_misc_feat_ornament, corexii_leaking_fountain
D:2:      kb_forest_paths, layout_basic, makhleb_heckhound_becter
D:3:      layout_loops_ring, old_standard_altar, lemuel_crystal_altar,
          gup_sewer_entry_glass, gammafunk_ghost_arena, uniq_robin
D:4:      layout_basic, gammafunk_ghost_icy, first_ration,
          fedhas_altar_fruit_tree, uniq_crazy_yiuf_cottage
D:5:      layout_basic, nicolae_ru_sacrificial_ziggurat,
          minmay_temple_entry_statues_pillars, grunt_decor_arrowhead,
          uniq_eustachio
D:6:      minmay_bubble_buster, layout_rooms, basic_altar, item_on_display_a,
          uniq_duvessa
D:7:      layout_basic, grunt_dithmenos_shadows, enter_ossuary_4
D:8:      layout_cave_pools, zin_treasury, serial_shops, shop,
          blue_anna_alchemist [blue_anna_fruit_fields, blue_anna_fruit_fields],
          trog_butcher_becter
D:9:      layout_stronghold, basic_altar
D:10:     layout_basic, serial_shops, nicolae_shop_crystal
D:11:     layout_rooms, david_lair_generic, orc_david_3, serial_shops,
          bzr_in_the_mist, shop, shop, nicolae_shop_waterfront,
          evilmike_minifort
D:12:     layout_rooms, serial_corexii_hall, chequers_hall_statues_y,
          chequers_hall_statues_corner_a
D:13:     layout_irregular_city, serial_shops, shop
D:14:     layout_cave_pools, david_vaults_5, hangedman_decor_clover_reticule,
          gammafunk_ghost_arena, serial_shops, shop,
          minmay_misc_feat_nine_boxes, small_statue_intersection, uniq_kirke
D:15:     grunt_enter_depths_giant_problem, layout_layer_cave,
          biasface_ghost_orc_armoury, portal_ice_cave_entry_pillars_2
Lair:1:   layout_misc_corridors, gammafunk_ghost_grave, grunt_megastairs_3,
          uniq_urug
Lair:2:   layout_roguey, guppyfry_snake_entry_island
Lair:3:   layout_roguey, roderic_batcave, serial_bayou_shore_b,
          grunt_megastairs_2
Lair:4:   gammafunk_lair_enchanted_lake, layout_regular_city,
          shoals_dummy_entry, gauntlet_entry_generic,
          grunt_forest_large_clearing_hut, uniq_josephine
Lair:5:   layout_concentric_octagons, hangedman_lair_generics_rect,
          grunt_megastairs_1
Lair:6:   cheibrodos_lair_end_hotspot, layout_regular_city,
          minmay_slime_entry_jelly_boxes, infiniplex_staircase_pool
Shoals:1: layout_shoals
Shoals:2: layout_shoals
Shoals:3: layout_shoals, uniq_polyphemus
Shoals:4: shoals_end_grunt_ice, layout_shoals, nicolae_shoals_kraken_party,
          uniq_mara
Snake:1:  layout_chambers, uniq_nikola
Snake:2:  layout_grid_shapes
Snake:3:  layout_concentric_octagons, serial_shops,
          nicolae_shop_temple_entry_statues_fountains, uniq_agnes, uniq_aizul,
          uniq_roxanne
Snake:4:  snake_pit, layout_onion
Orc:1:    cheibrodos_orc_arena, layout_diamond_mine, enter_bailey_2,
          serial_shops, nicolae_shop_trees
Orc:2:    pubby_orc_utopia
Vaults:1: gammafunk_vaults_ghost_spectres, nicolae_vaults_diagonal_hallway_7,
          vaults_dpeg_cross, vaults_dpeg_doors, v_alt_pattern_3,
          nicolae_vaults_minivaults, v_rooms_4,
          hangedman_vaults_stretched_pinwheel, nicolae_vaults_little_ls,
          vaults_mumra_minichess, ontoclasm_vaults_ring_small,
          hangedman_vaults_stitches, nicolae_vaults_disjoint_gnomons,
          nicolae_vaults_alarming, v_misc_32, layout_vaults_maze, serial_shops,
          nicolae_shop_waterfront
Vaults:2: nicolae_vaults_three_branches, vaults_room_ringed_pool,
          nicolae_vaults_back_hallway, minmay_crypt_entry_simple_corners,
          nicolae_vaults_network_quinsquares
          [nicolae_vaults_network_quincunx_subvault,
          nicolae_vaults_network_quincunx_subvault,
          nicolae_vaults_network_quincunx_subvault,
          nicolae_vaults_network_quincunx_subvault],
          nicolae_vaults_circle_grid_a, grunt_vaults_hallway_short,
          vaults_room_fours, nicolae_vaults_triangles,
          nicolae_vaults_mini_display_case, nicolae_vaults_little_squares_6,
          vaults_dpeg_ring, layout_vaults_chaotic_city, uniq_margery,
          uniq_sojobo, uniq_bai_suzhen, uniq_boris
Vaults:3: grunt_vaults_twisty, v_misc_17, vaults_mumra_chevron, v_misc_24,
          grunt_tower_of_power, hangedman_vaults_capsules,
          nicolae_vaults_little_squares_3, vaults_room_door_hall,
          layout_vaults_big_cross, nicolae_trove_entry_diagonal
Vaults:4: v_alt_pattern_2, nicolae_vaults_big_angled_halls,
          nicolae_vaults_border_crossing, vaults_room_stairs_pillars, v_misc_3,
          v_pattern_1, nicolae_vaults_specimen_jars, vaults_dpeg_hooks,
          layout_vaults_omnigrid
Vaults:5: serial_shops, uniq_mennas
Depths:1: layout_cave_pools, rand_demon_pan_entry_7, hell_entry, nrook_campfire,
          abyss_entry, kennysheep_generic_room_10, minmay_shop_grove,
          serial_bayou_shore_b
Depths:2: minmay_central_circle, layout_cave_shapes, abyss_entry,
          kennysheep_cross_bottleneck, pf_vacation_house_of_asmodeus,
          serial_bayou_shore_b
Depths:3: minmay_shrinking_squares, layout_cave_pools, hell_entry,
          evilmike_ruin_ashenzari, pan_entry, kennysheep_generic_room_11
Depths:4: kennysheep_big_flooded_room, layout_cave_shapes,
          hangedman_abyss_entry_splay, hell_entry, kennysheep_small_square,
          infiniplex_staircase_pillars_3a
Depths:5: grunt_zot_entry_gee_three, layout_long_grid, enter_ziggurat_c,
          hell_entry, hangedman_decor_push, abyss_entry

Skill      XL: |  1  2  3  4  5  6  7  8  9 10 11 12 13 14 15 16 17 18 19 20 21 22 23 24 |
---------------+-------------------------------------------------------------------------+-----
Polearms       | 4 5 6 8 9 11 12 13 14 16 21 24 | 24.3
Fighting       | 6 9 12 14 16 18 20 21 23 24 25 26 27 | 27.0
Armour         | 5 9 11 12 14 16 18 20 21 23 25 26 27 | 27.0
Shields        | 4 5 10 14 15 | 15.0
Evocations     | 4 5 |  5.0
Dodging        | |  2.1

Action                   |  1- 3 |  4- 6 |  7- 9 | 10-12 | 13-15 | 16-18 | 19-21 | 22-24 || total
-------------------------+-------+-------+-------+-------+-------+-------+-------+-------++-------
Melee: Spear             |    76 |   228 |   386 |       |       |       |       |       ||   690
       Headbutt          |     9 |    29 |    83 |   141 |   324 |   245 |   256 |   391 ||  1478
       Demon trident     |       |       |    76 |   677 |  1789 |  1779 |  1634 |  1700 ||  7655
Invok: Berserk           |       |     3 |     2 |     3 |     9 |     6 |     6 |     5 ||    34
       Trog's Hand       |       |     1 |       |     1 |     1 |     3 |       |     3 ||     9
       Brothers in Arms  |       |       |       |     1 |     4 |     8 |     3 |     6 ||    22
Evoke: Wand              |       |       |       |       |     1 |     7 |     5 |     1 ||    14
  Use: Scroll            |     3 |     7 |     6 |     7 |     7 |    15 |     9 |     5 ||    59
       Potion            |     4 |     5 |     5 |     2 |       |    13 |     1 |     3 ||    33
 Stab: Distracted        |       |       |       |     1 |     2 |       |     3 |     1 ||     7
       Confused          |       |       |       |       |       |       |     1 |       ||     1
  Eat: Chunk             |       |    11 |     6 |    13 |    33 |    23 |    22 |    20 ||   128
       Ration            |       |     1 |     1 |     3 |     2 |     6 |     3 |     3 ||    19
Armor: Ring mail         |    12 |    51 |       |       |       |       |       |       ||    63
       Scale mail        |       |    24 |    13 |       |       |       |       |       ||    37
       Plate armour      |       |       |   137 |   302 |   643 |   970 |   523 |   444 ||  3019
       Crystal plate arm |       |       |       |       |   142 |       |       |       ||   142
Dodge: Dodged            |    26 |    97 |    66 |   164 |   348 |   412 |   209 |   230 ||  1552
Block: Buckler           |       |       |    22 |    66 |   226 |   176 |       |       ||   490
       Shield            |       |       |       |       |       |   440 |   747 |   794 ||  1981
       Reflection        |       |       |       |       |       |       |    61 |    90 ||   151
